BSA
SO CAL BRUINS @ IRVINE GANG GREEN
09/20/2029
 
TOP OF THE 1ST
So Cal Bruins batting - Pitching for Irvine Gang Green : RHP Mike Marrero
Pitching: RHP Mike Marrero
Batting: SHB Ken Hernández 0-0: Ball
1-0: Called Strike
1-1: DOUBLE (Line Drive, 9LM)
Batting: RHB Lawrence Schroeder 0-0: Ball
1-0: Foul Ball, location: 2F
1-1: Ball
2-1: Ball
3-1: Foul Ball, location: 2F
3-2: Ground out 2-3 (Groundball, 15S)
Ken Hernández to third
Batting: RHB Alfredo Rivera 0-0: Called Strike
0-1: Ball
1-1: Fly out, F5 (Line Drive, 56)
Batting: LHB José Antonio Santiago 0-0: Ball
1-0: Ball
2-0: Ball
3-0: Called Strike
3-1: Fly out, F5 (Popup, 56)
Top of the 1st over - 0 runs, 1 hit, 0 errors, 1 left on base; So Cal 0 - Irvine 0
BOTTOM OF THE 1ST
Irvine Gang Green batting - Pitching for So Cal Bruins : RHP Juan González
Pitching: RHP Juan González
Batting: LHB Tony Tavárez 0-0: Called Strike
0-1: Ball
1-1: Ground out 4-3 (Groundball, 4)
Batting: LHB Francisco Cardenas 0-0: Swinging Strike
0-1: SINGLE (Groundball, 4D)
Batting: RHB Buck Jones 0-0: Ball
1-0: SINGLE (Groundball, 56D)
Francisco Cardenas to second
Batting: LHB Víctor Quiñones 0-0: Ball
Wild Pitch!
Francisco Cardenas to third
Buck Jones to second
1-0: Ball
2-0: Foul Ball, location: 2F
2-1: Ball
3-1: Called Strike
3-2: Foul Ball, location: 2F
3-2: Ground out 4-3 (Groundball, 4)
Francisco Cardenas scores
Buck Jones to third
Batting: LHB Leonardo Medina 0-0: Called Strike
0-1: Ball
1-1: Foul Ball, location: 2F
1-2: Ball
2-2: Fly out, F7 (Flyball, 7LD)
Bottom of the 1st over - 1 run, 2 hits, 0 errors, 1 left on base; So Cal 0 - Irvine 1
TOP OF THE 2ND
So Cal Bruins batting - Pitching for Irvine Gang Green : RHP Mike Marrero
Batting: RHB Rubén Calderón 0-0: Called Strike
0-1: Swinging Strike
0-2: Strikes out swinging
Batting: LHB Bob Ware 0-0: Ball
1-0: Swinging Strike
1-1: Ball
2-1: Ball
3-1: Base on Balls
Batting: LHB Jeff Carter 0-0: Ball
1-0: Foul Ball, location: 2F
1-1: Reached on error, E3 (Groundball, 3)
Bob Ware to second
Batting: LHB Phil Smith 0-0: Ball
1-0: Foul Ball, location: 2F
1-1: Called Strike
1-2: Foul Ball, location: 2F
1-2: Ball
2-2: Ball
3-2: Foul Ball, location: 2F
3-2: Grounds into double play, 5-4-3 (Groundball, 56)
Top of the 2nd over - 0 runs, 0 hits, 1 error, 1 left on base; So Cal 0 - Irvine 1
BOTTOM OF THE 2ND
Irvine Gang Green batting - Pitching for So Cal Bruins : RHP Juan González
Batting: RHB José Salazar 0-0: Ball
1-0: Called Strike
1-1: Foul Ball, location: 2F
1-2: Strikes out swinging
Batting: RHB Tom Doherty 0-0: Ball
1-0: Swinging Strike
1-1: Ball
2-1: Swinging Strike
2-2: Strikes out swinging
Batting: LHB José Sánchez 0-0: Ball
1-0: Fly out, F8 (Flyball, 8RD)
Bottom of the 2nd over - 0 runs, 0 hits, 0 errors, 0 left on base; So Cal 0 - Irvine 1
TOP OF THE 3RD
So Cal Bruins batting - Pitching for Irvine Gang Green : RHP Mike Marrero
Batting: SHB Chris Woods 0-0: SINGLE (Groundball, 4D)
Batting: SHB Ken Hernández 0-0: Ball
1-0: Fly out, F5 (Popup, 5F)
Batting: RHB Lawrence Schroeder 0-0: Ball
1-0: Ball
2-0: Ball
3-0: Called Strike
3-1: Swinging Strike
3-2: Foul Ball, location: 2F
3-2: Foul Ball, location: 2F
3-2: Base on Balls
Chris Woods to second
Batting: RHB Alfredo Rivera 0-0: Fielders Choice at 2nd, 6-4 (Groundball, 6)
Chris Woods to third
Batting: LHB José Antonio Santiago 0-0: Called Strike
0-1: Ground out 4-3 (Groundball, 4)
Top of the 3rd over - 0 runs, 1 hit, 0 errors, 2 left on base; So Cal 0 - Irvine 1
BOTTOM OF THE 3RD
Irvine Gang Green batting - Pitching for So Cal Bruins : RHP Juan González
Batting: SHB Carlos Córdova 0-0: Called Strike
0-1: Ball
1-1: Foul Ball, location: 2F
1-2: Foul Ball, location: 2F
1-2: Ball
2-2: Foul Ball, location: 2F
2-2: Foul Ball, location: 2F
2-2: Ball
3-2: DOUBLE (Line Drive, 7D)
Batting: LHB Tony Tavárez 0-0: Ball
1-0: Called Strike
1-1: Foul Ball, location: 2F
1-2: Foul Ball, location: 2F
1-2: Ball
2-2: Fly out, F8 (Flyball, 8LS)
Batting: LHB Francisco Cardenas 0-0: Ball
1-0: Ball
Carlos Córdova steals 3rd base
2-0: Ball
3-0: Foul Ball, location: 2F
3-1: Called Strike
3-2: Ground out 3-1 (Groundball, 34)
Carlos Córdova scores
Batting: RHB Buck Jones 0-0: Ball
1-0: Ball
2-0: Called Strike
2-1: Foul Ball, location: 2F
2-2: Ground out 4-3 (Groundball, 4D)
Bottom of the 3rd over - 1 run, 1 hit, 0 errors, 0 left on base; So Cal 0 - Irvine 2
TOP OF THE 4TH
So Cal Bruins batting - Pitching for Irvine Gang Green : RHP Mike Marrero
Batting: RHB Rubén Calderón 0-0: Ball
1-0: Ball
2-0: Called Strike
2-1: Ground out 6-3 (Groundball, 6)
Batting: LHB Bob Ware 0-0: Ball
1-0: Ball
2-0: Called Strike
2-1: Foul Ball, location: 2F
2-2: Foul Ball, location: 2F
2-2: Strikes out looking
Batting: LHB Jeff Carter 0-0: Ball
1-0: Foul Ball, location: 2F
1-1: Foul Ball, location: 2F
1-2: Foul Ball, location: 2F
1-2: Fly out, F8 (Line Drive, 8RD)
Top of the 4th over - 0 runs, 0 hits, 0 errors, 0 left on base; So Cal 0 - Irvine 2
BOTTOM OF THE 4TH
Irvine Gang Green batting - Pitching for So Cal Bruins : RHP Juan González
Batting: LHB Víctor Quiñones 0-0: Foul Ball, location: 2F
0-1: Ball
1-1: Ground out 4-3 (Groundball, 34)
Batting: LHB Leonardo Medina 0-0: Foul Ball, location: 2F
0-1: Foul Ball, location: 2F
0-2: Ball
1-2: Ball
2-2: Ball
3-2: Strikes out looking
Batting: RHB José Salazar 0-0: Ground out 5-3 (Groundball, 56)
Bottom of the 4th over - 0 runs, 0 hits, 0 errors, 0 left on base; So Cal 0 - Irvine 2
TOP OF THE 5TH
So Cal Bruins batting - Pitching for Irvine Gang Green : RHP Mike Marrero
Batting: LHB Phil Smith 0-0: Foul Ball, location: 2F
0-1: Foul Ball, location: 2F
0-2: Ball
1-2: Strikes out looking
Batting: SHB Chris Woods 0-0: Ground out 4-3 (Groundball, 4)
Batting: SHB Ken Hernández 0-0: Ball
1-0: Ground out 6-3 (Groundball, 6)
Top of the 5th over - 0 runs, 0 hits, 0 errors, 0 left on base; So Cal 0 - Irvine 2
BOTTOM OF THE 5TH
Irvine Gang Green batting - Pitching for So Cal Bruins : RHP Juan González
Batting: RHB Tom Doherty 0-0: Ball
1-0: Ground out 4-3 (Groundball, 4)
Batting: LHB José Sánchez 0-0: Ball
1-0: Ground out 4-3 (Groundball, 4M)
Batting: SHB Carlos Córdova 0-0: Ball
1-0: Foul Ball, location: 2F
1-1: Foul Ball, location: 2F
1-2: Ball
2-2: Fly out, F8 (Flyball, 8LS)
Bottom of the 5th over - 0 runs, 0 hits, 0 errors, 0 left on base; So Cal 0 - Irvine 2
TOP OF THE 6TH
So Cal Bruins batting - Pitching for Irvine Gang Green : RHP Mike Marrero
Batting: RHB Lawrence Schroeder 0-0: Fly out, F3 (Line Drive, 34)
Batting: RHB Alfredo Rivera 0-0: Hit by Pitch
Batting: LHB José Antonio Santiago 0-0: Swinging Strike
0-1: Ball
1-1: Foul Ball, location: 2F
1-2: Ball
2-2: Ball
3-2: Fly out, F9 (Flyball, 9S)
Batting: RHB Rubén Calderón 0-0: Foul Ball, location: 2F
0-1: Swinging Strike
0-2: Fly out, F7 (Flyball, 7LS)
Top of the 6th over - 0 runs, 0 hits, 0 errors, 1 left on base; So Cal 0 - Irvine 2
BOTTOM OF THE 6TH
Irvine Gang Green batting - Pitching for So Cal Bruins : RHP Juan González
Now in CF: Pedro Mata
Batting: LHB Tony Tavárez 0-0: Foul Ball, location: 2F
0-1: Ball
1-1: Ground out 4-3 (Groundball, 4S)
Batting: LHB Francisco Cardenas 0-0: Fly out, F7 (Flyball, 7)
Batting: RHB Buck Jones 0-0: Ball
1-0: Swinging Strike
1-1: Foul Ball, location: 2F
1-2: Ball
2-2: Ball
3-2: Ground out 6-3 (Groundball, 6)
Bottom of the 6th over - 0 runs, 0 hits, 0 errors, 0 left on base; So Cal 0 - Irvine 2
TOP OF THE 7TH
So Cal Bruins batting - Pitching for Irvine Gang Green : RHP Mike Marrero
Batting: RHB Pedro Mata 0-0: Fly out, F9 (Line Drive, 89D)
Batting: LHB Jeff Carter 0-0: Foul Ball, location: 2F
0-1: Ball
1-1: Ball
2-1: Swinging Strike
2-2: Strikes out looking
Batting: LHB Phil Smith 0-0: Ball
1-0: Called Strike
1-1: Called Strike
1-2: Strikes out swinging
Top of the 7th over - 0 runs, 0 hits, 0 errors, 0 left on base; So Cal 0 - Irvine 2
BOTTOM OF THE 7TH
Irvine Gang Green batting - Pitching for So Cal Bruins : RHP Juan González
Batting: LHB Víctor Quiñones 0-0: Called Strike
0-1: Ball
1-1: Foul Ball, location: 2F
1-2: Ground out 4-3 (Groundball, 4S)
Batting: LHB Leonardo Medina 0-0: Ball
1-0: Foul Ball, location: 2F
1-1: SINGLE (Groundball, 34D)
Pitching: RHP Marty Burgess
Batting: RHB José Salazar 0-0: Called Strike
0-1: SINGLE (Line Drive, 8LS)
Leonardo Medina to second
Leonardo Medina to third
Batting: RHB Tom Doherty 0-0: Called Strike
0-1: Ball
1-1: Ball
2-1: Called Strike
2-2: Ball
3-2: Foul Ball, location: 2F
3-2: Base on Balls
José Salazar to second
Pinch Hitting: LHB Donovan Bird 0-0: Ball
1-0: Ball
2-0: Foul Ball, location: 2F
2-1: Ball
3-1: Foul Ball, location: 2F
3-2: Base on Balls
Leonardo Medina scores
José Salazar to third
Tom Doherty to second
Batting: SHB Carlos Córdova 0-0: Called Strike
0-1: Ball
1-1: Foul Ball, location: 2F
1-2: Foul Ball, location: 2F
1-2: Grounds into fielders choice 3-2 (Groundball, 34)
Tom Doherty to third
Donovan Bird to second
Pinch Hitting: SHB Glenn Vadnais 0-0: Called Strike
0-1: Ground out 4-3 (Groundball, 4D)
Bottom of the 7th over - 1 run, 2 hits, 0 errors, 3 left on base; So Cal 0 - Irvine 3
TOP OF THE 8TH
So Cal Bruins batting - Pitching for Irvine Gang Green : RHP Mike Marrero
Now at 2B: Ronnie Brown
Now in RF: Glenn Vadnais
Batting: SHB Chris Woods 0-0: Reached on error, E5 (Groundball, 5S)
Batting: SHB Ken Hernández 0-0: Ball
1-0: Ball
2-0: Fly out, F5 (Line Drive, 5S)
Batting: RHB Lawrence Schroeder 0-0: Ball
1-0: Ball
2-0: Called Strike
2-1: Ball
3-1: Foul Ball, location: 2F
3-2: Ground out 3-1 (Groundball, 34S)
Chris Woods to second
Batting: RHB Alfredo Rivera 0-0: Foul Ball, location: 2F
0-1: Ground out U3 (Groundball, 34S)
Top of the 8th over - 0 runs, 0 hits, 1 error, 1 left on base; So Cal 0 - Irvine 3
BOTTOM OF THE 8TH
Irvine Gang Green batting - Pitching for So Cal Bruins : RHP Marty Burgess
Batting: LHB Francisco Cardenas 0-0: Ball
1-0: Swinging Strike
1-1: Called Strike
1-2: Strikes out swinging
Batting: RHB Buck Jones 0-0: Ball
1-0: Ball
2-0: DOUBLE (Flyball, 8RXD)
Batting: LHB Víctor Quiñones 0-0: Intentional Walk
Batting: LHB Leonardo Medina 0-0: Ball
1-0: Called Strike
1-1: Swinging Strike
1-2: Ball
2-2: DOUBLE (Groundball, 3L)
Buck Jones scores
Víctor Quiñones to third
Batting: RHB José Salazar 0-0: Intentional Walk
Batting: RHB Tom Doherty 0-0: Swinging Strike
0-1: Grounds into fielders choice 6-2 (Groundball, 6)
Leonardo Medina to third
José Salazar to second
Batting: RHB Ronnie Brown 0-0: Called Strike
0-1: Ball
1-1: Fly out, F9 (Flyball, 89D)
Bottom of the 8th over - 1 run, 2 hits, 0 errors, 3 left on base; So Cal 0 - Irvine 4
TOP OF THE 9TH
So Cal Bruins batting - Pitching for Irvine Gang Green : RHP Mike Marrero
Batting: LHB José Antonio Santiago 0-0: Called Strike
0-1: Ball
1-1: Called Strike
1-2: Foul Ball, location: 2F
1-2: Foul Ball, location: 2F
1-2: Ball
2-2: Foul Ball, location: 2F
2-2: Ball
3-2: SINGLE (Groundball, 34D)
Pitching: RHP Jun Kawashima
Batting: RHB Rubén Calderón 0-0: Ball
1-0: Foul Ball, location: 2F
1-1: Ball
2-1: Ground out 5-3 (Groundball, 56S)
José Antonio Santiago to second
Batting: RHB Pedro Mata 0-0: Ball
1-0: Ball
2-0: Ball
3-0: Base on Balls
Pitching: RHP Raúl Saltines
Batting: LHB Jeff Carter 0-0: Ball
1-0: Fly out, F9 (Flyball, 9S)
Batting: LHB Phil Smith 0-0: Ball
1-0: Ball
2-0: Called Strike
2-1: Ball
3-1: Foul Ball, location: 2F
3-2: Foul Ball, location: 2F
3-2: Strikes out swinging
Top of the 9th over - 0 runs, 1 hit, 0 errors, 2 left on base; So Cal 0 - Irvine 4
Saturday, December 16th, 2017 - OOTP Baseball 18.8 Build 76